 Dungeon Crawl Stone Soup version 0.31-a0-986-g5e6e4ef867 (webtiles) character file.

Game seed: 4010484819184863460

8 wildpjah the Grasshopper (level 2, 16/25 HPs)
             Began as an Armataur Warper on Nov 20, 2023.
             Quit the game on level 1 of the Dungeon.
             The game lasted 00:00:29 (109 turns).

wildpjah the Grasshopper (Armataur Warper)           Turns: 109, Time: 00:00:29

Health: 16/25      AC:  4    Str: 16    XL:     2   Next: 0%
Magic:  4/4        EV:  9    Int: 13    God:
Gold:   0          SH:  0    Dex:  9    Spells: 4/4 levels left

rFire   . . .        a - +0 falchion
rCold   . . .        (no shield)
rNeg    . . .        b - +0 leather armour
rPois   .            (no helmet)
rElec   .            (no cloak)
rCorr   .            (no gloves)
SInv    .            (no barding)
Will    .....        (no amulet)
Stlth   +            (no ring)
HPRegen 0.24/turn    (no ring)
MPRegen 0.09/turn

%: roll
@: no status effects
A: large, rugged brown scales 3, deformed body, armoured tail, roll, long
tongue, awkward tongue
a: no special abilities


You were on level 1 of the Dungeon.
You visited 1 branch of the dungeon, and saw 1 of its levels.

Inventory:

Hand Weapons
 a - a +0 falchion (weapon)
Missiles
 d - 7 darts of dispersal (quivered)
Armour
 b - a +0 leather armour (worn)
Scrolls
 c - a scroll of blinking


   Skills:
 + Level 1.9 Fighting
 + Level 1.8 Long Blades
 + Level 0.8 Throwing
 + Level 1.2 Armour
 + Level 1.4 Dodging
 + Level 1.9 Spellcasting
 + Level 3.2 Translocations


You had 4 spell levels left.
You didn't know any spells.
Your spell library contained the following spells:

 Spells                   Type           Power      Damage    Failure   Level
 Blink                    Tloc           18%        N/A       12%         2
 Lesser Beckoning         Tloc           18%        N/A       12%         2
 Teleport Other           Tloc           9%         N/A       24%         3
 Manifold Assault         Tloc           9%         N/A       63%         4
 Vhi's Electric Charge    Tloc/Air       10%        N/A       85%         4


Dungeon Overview and Level Annotations

Branches:
Dungeon (1/15)

Altars:


Innate Abilities, Weirdness & Mutations

You are completely covered in rugged brown scales. (AC +3, +7% HP)
Armour fits poorly on your strangely shaped body.
You have a long armoured tail.
You roll when moving toward enemies. (Rampage)
Your long tongue fully drains potion bottles. (2x potion effects)
Your tongue gives you trouble enunciating. (1.5x scroll delay)


Message History

The kobold is severely wounded.
The ball python bites you but does no damage.
The kobold hits you but does no damage.
You barely miss the kobold.
Your tail-slap misses the kobold.
The kobold is severely wounded.
The ball python barely misses you. The kobold hits you but does no damage.
The ball python bites you.
You miss the kobold.
The kobold is severely wounded.
The kobold hits you with a +0 dagger. The ball python closely misses you.
You closely miss the kobold.
The kobold is severely wounded.
The ball python bites you. The kobold hits you with a +0 dagger.
The ball python bites you but does no damage.
The kobold hits you but does no damage.
You closely miss the kobold.
The kobold is severely wounded.
The ball python bites you but does no damage.
The kobold hits you but does no damage.
You closely miss the kobold.
The kobold is severely wounded.
The ball python closely misses you. The kobold hits you but does no damage.
The ball python bites you.
You closely miss the kobold.
The kobold is severely wounded.
The kobold closely misses you.
The ball python bites you but does no damage.
You miss the kobold.
Your tail-slap misses the kobold.
The kobold is severely wounded.
The ball python bites you but does no damage.
The kobold barely misses you. The ball python misses you.
You hit the kobold.
You kill the kobold!
The ball python barely misses you.
You have reached level 2!
Hit: a) +0 falchion
Press: ? - help, Dir - move target You can't see that place.
Okay, then.
Are you sure you want to abandon this character and quit the game? (Confirm with "yes".)

.. .. # .#### .#
.... #. #.. #. #.#
#.####.#####.#
#)@..........#
#....S...#)#####.#
#..#####$#.# #.
###'### #.8.8.#
#.....# #.....#
#.8.8.# #.....#


You could see a ball python.

Vanquished Creatures
  A goblin (D:1)
  4 kobolds (D:1)
  A quokka (D:1)
  A frilled lizard (D:1)
7 creatures vanquished.

Notes
Turn   | Place    | Note
-------+----------+-------------------------------------------
     0 | D:1      | wildpjah the Armataur Warper began the quest for the Orb.
     0 | D:1      | Reached XP level 1. HP: 18/18 MP: 3/3
   109 | D:1      | Reached XP level 2. HP: 16/25 MP: 4/4
   109 | D:1      | Quit the game

Illustrated notes

Levels and vault maps discovered:
D:1:      elethiomel_arrival_quiet, layout_loops_ring

Action                     || total
---------------------------++-------
  Melee: Falchion          ||    38
         Tailslap          ||     2
 Armour: Leather armour    ||    39
  Dodge: Dodged            ||    24

Table legend: (Time is in decaauts)
 A = Elapsed time spent in this place.
 B = Non-inter-level travel time spent in this place.
 C = Inter-level travel time spent in this place.
 D = Time resting spent in this place.
 E = Time spent auto-exploring this place.
 F = Levels seen in this place.
 G = Mean time per level.
                   A        B        C        D        E       F      G
               +--------+--------+--------+--------+--------+-----+--------+
         Total |    117 |    117 |      0 |      0 |     64 |   1 |  117.0 |
       Dungeon |    117 |    117 |      0 |      0 |     64 |   1 |  117.0 |
               +--------+--------+--------+--------+--------+-----+--------+

Top non-repeatable levels by time:
     D:1: 117 daAuts
